 Dungeon Crawl Stone Soup version 0.22-a0-40-g3d2f077 (webtiles) character file.

6 Gorice the Vexing (level 1, 0/17 HPs)
             Began as a Hill Orc Wanderer on Jan 4, 2018.
             Slain by a goblin
             ... wielding a +0 club
              (2 damage)
             ... on level 1 of the Dungeon.
             The game lasted 00:01:32 (276 turns).

Gorice the Vexing (Hill Orc Wanderer)                Turns: 276, Time: 00:01:33

Health: 0/17       AC:  2    Str: 14    XL:     1   Next: 90%
Magic:  3/3        EV: 11    Int: 12    God:
Gold:   6          SH:  0    Dex: 10    Spells: 3/3 levels left

rFire    . . .     SeeInvis .   b - +0 blowgun
rCold    . . .     Gourm    .   (no shield)
rNeg     . . .     Faith    .   e - +0 robe
rPois    .         Spirit   .   (no helmet)
rElec    .         Reflect  .   (no cloak)
rCorr    .         Harm     .   (no gloves)
MR       .....                  (no boots)
Stlth    +.........             (no amulet)
HPRegen  0.05/turn              (no ring)
MPRegen  0.08/turn              (no ring)

@: no status effects
A: no striking features
a: no special abilities


You were on level 1 of the Dungeon.
You were not hungry.

You visited 1 branch of the dungeon, and saw 1 of its levels.

You collected 6 gold pieces.

Inventory:

Hand Weapons
 a - a +0 short sword
 b - a +0 blowgun (weapon)
Missiles
 c - 9 poisoned needles (quivered)
 Y - a stone
Armour
 e - a +0 robe (worn)
Potions
 i - a potion of flight {unknown}
Books
 d - Sif Muna's Tome of Heat

   Spells                             Type                      Level
   a - Flame Tongue                   Conjuration/Fire             1
   b - Ignite Poison                  Fire/Transmutation/Poison    3
 g - a book of Frost
Comestibles
 f - 2 rations
 h - 2 chunks of flesh


   Skills:
 * Level 1.7 Fighting
 - Level 1.0 Throwing
 - Level 1.0 Stealth
 - Level 1.5 Spellcasting
   Level 3.0 Hexes
   Level 2.6 Ice Magic


You had 3 spell levels left.
You didn't know any spells.

Dungeon Overview and Level Annotations

Branches:
Dungeon (1/15)

Altars:


Message History

a club; a kobold corpse
a - a +0 short sword (weapon)
You start resting.
HP restored.
i - a dark potion A frilled lizard comes into view.
A rat comes into view.
The frilled lizard hisses angrily.
All of the chunks of flesh in your inventory have rotted away.
The frilled lizard closely misses you.
You closely miss the frilled lizard. The frilled lizard bites you.
Damage: 2 (max 2)
You closely miss the frilled lizard. The frilled lizard bites you.
Damage: 1 (max 2)
You hit the frilled lizard.
You kill the frilled lizard!
You hit the rat.
You kill the rat!
No target in view!
No target in view!
No target in view!
Things that are here:
a rat corpse; a frilled lizard corpse Butcher a rat corpse? [(y)es/(c)hoosy/(n)o/(a)ll/(e)dible/(q)uit/?]
You butcher the rat corpse.
You butcher the frilled lizard corpse.
h - a chunk of flesh;
h - 2 chunks of flesh (gained 1)
You see here a rat skeleton.
A dart slug comes into view.
A goblin comes into view. It is wielding a club.
The dart slug launches a dart at you. The slug dart hits you!
Found 19 sling bullets.
Damage: 5 (max 5)
Found 9 gold pieces.
The dart slug bites you.
* * * LOW HITPOINT WARNING * * *
The goblin hits you with a club.
* * * LOW HITPOINT WARNING * * *
Damage: 7 (max 7)
You are too injured to fight recklessly!
b - a +0 blowgun (weapon)
Firing (i - inventory. (,) - cycle):
c - 10 poisoned needles (quivered)
Press: ? - help, Shift-Dir - straight line, f - dart slug
Aim: a dart slug (clinging)
You shoot a poisoned needle.
The poisoned needle closely misses the goblin.
The poisoned needle hits the dart slug.
The dart slug is poisoned.
The goblin hits you with a club.
You die...

### #########..
#####.........#
##############.....####.....
...(...............รท....####
.........####.###########
.$.......wg@..#
.........###### ##########


You could see a dart slug and a goblin.

Vanquished Creatures
  2 bats (D:1)
  A frilled lizard (D:1)
  2 kobolds (D:1)
  A rat (D:1)
6 creatures vanquished.

Notes
Turn   | Place    | Note
-------+----------+-------------------------------------------
     0 | D:1      | Gorice the Hill Orc Wanderer began the quest for the Orb.
     0 | D:1      | Gorice set off with: a book of Frost, Sif Muna's Tome of Heat, 10 poisoned needles, a +0 blowgun, a +0 robe, a ration
     0 | D:1      | Reached XP level 1. HP: 14/14 MP: 3/3
     0 | D:1      | Identified Sif Muna's Tome of Heat
    10 | D:1      | Reached skill level 1 in Fighting
   270 | D:1      | HP: 2/17 [goblin/club (5)]
   276 | D:1      | Slain by a goblin

Vault maps used:
D:1:      onia_arrival_mini_spirals

Skill      XL: |  1 |
---------------+----+-----
Fighting       | 1 |  1.7
Throwing       | |  1.0
Stealth        | |  1.0
Spellcasting   | |  1.5
Hexes          | |  3.0
Ice Magic      | |  2.6

Action                   || total
-------------------------++-------
Melee: Short sword       ||    10
 Fire: Blowgun           ||     2
 Stab: Sleeping          ||     1
Dodge: Dodged            ||     4

Table legend:
 A = Spawn XP
 B = Non-spawn XP
 C = Spawn XP percentage of total XP
 D = Spawn monster count
 E = Non-spawn monster count
 F = Spawn count percentage of total count
 G = Total turns spent on level
                    A         B        C        D         E        F      G
               +---------+---------+-------+---------+---------+-------+---------
         Total |       0 |       9 |   0.0 |       0 |       6 |   0.0 |   276
               +---------+---------+-------+---------+---------+-------+---------
           D:1 |       0 |       9 |   0.0 |       0 |       6 |   0.0 |   276
               +---------+---------+-------+---------+---------+-------+---------

Table legend:
 A = Turns spent in this place as a percentage of turns spent in the entire game.
 B = Non-inter-level travel turns spent in this place as a percentage of non-inter-level travel turns spent in the entire game.
 C = Inter-level travel turns spent in this place as a percentage of turns spent in this place.
 D = Turns resting spent in this place as a percentage of non-inter-level travel turns spent in this place.
 E = Turns spent auto-exploring this place as a percentage of non-inter-level travel turns spent in this place.
 F = Non-inter-level travel turns spent in this place divided by the number of levels of this place that you've seen.
                   A       B       C       D       E      F
               +-------+-------+-------+-------+-------+----------------------
         Total | 100.0 | 100.0 |   0.0 |  49.3 |  18.1 | 276.0
       Dungeon | 100.0 | 100.0 |   0.0 |  49.3 |  18.1 | 276.0
               +-------+-------+-------+-------+-------+----------------------

Vault maps used:
D:1:      onia_arrival_mini_spirals
